 Dungeon Crawl Stone Soup version 0.25-b1-41-g19641232cd (webtiles) character file.

Game seed: 17702836833399128604

911 GenChuck the Conjurer (level 7, -8/51 HPs)
             Began as a Demigod Conjurer on June 8, 2020.
             Shot with an arrow by a centaur (15 damage)
             ... on level 5 of the Dungeon.
             The game lasted 00:34:06 (4455 turns).

GenChuck the Conjurer (Demigod Conjurer)            Turns: 4455, Time: 00:34:07

Health: -8/51      AC:  2    Str: 11    XL:     7   Next: 52%
Magic:  17/17      EV: 13    Int: 25    God:
Gold:   160        SH:  0    Dex: 18    Spells: 10/14 levels left

rFire    . . .     SeeInvis .   t - staff of conjuration
rCold    . . .     Gourm    .   (no shield)
rNeg     . . .     Faith    .   a - +0 robe
rPois    .         Spirit   .   (no helmet)
rElec    .         Reflect  .   (no cloak)
rCorr    .         Harm     .   (no gloves)
MR       .....                  (no boots)
Stlth    +.........             u - amulet of magic regeneration
HPRegen  0.17/turn              (no ring)
MPRegen  0.40/turn              (no ring)

@: confused
A: agile 1, clever 1, high mp 1
a: no special abilities


You were on level 5 of the Dungeon.
You were not hungry.

You visited 1 branch of the dungeon, and saw 5 of its levels.

You collected 160 gold pieces.

Inventory:

Hand Weapons
 f - a +2 whip of electrocution
 m - a +0 hunting sling
 r - a +1 dagger of pain
 w - a +1 whip of flaming
 y - a +2 mace of holy wrath
Missiles
 q - 148 stones (quivered)
Armour
 a - a +0 robe (worn)
Magical Staves
 t - an uncursed staff of conjuration (weapon)
Jewellery
 u - an amulet of magic regeneration (around neck)
Wands
 o - a wand of iceblast (10)
Scrolls
 d - a scroll of identify
 e - a scroll of enchant armour
 g - a scroll of immolation
 h - a scroll of noise
 k - a scroll of fog
 n - a scroll of fear
 p - 4 scrolls of teleportation
Potions
 b - a potion of haste
 i - a potion of flight
 j - a potion of lignification {unknown}
 l - 2 potions of magic
 s - a potion of invisibility {unknown}
 v - a potion of curing {unknown}
 x - a potion of ambrosia
Comestibles
 c - 4 rations
 z - 4 chunks of flesh


   Skills:
 + Level 0.5 Fighting
 + Level 0.6 Short Blades
 + Level 2.5 Dodging
 - Level 1.7 Stealth
 + Level 4.4 Spellcasting
 * Level 6.8 Conjurations
 + Level 2.4 Summonings


You had 10 spell levels left.
You knew the following spells:

 Your Spells              Type           Power        Failure   Level  Hunger
a - Magic Dart            Conj           ####         1%          1    None
b - Searing Ray           Conj           ######       1%          2    None
c - Summon Small Mammal   Summ           ###.         3%          1    None

Your spell library contained the following spells:

 Spells                   Type           Power        Failure   Level  Hunger
 Dazzling Flash           Conj/Hex       ####..       6%          3    ##.....
 Animate Skeleton         Necr           N/A          9%          1    None
 Apportation              Tloc           #.....       9%          1    None
 Corona                   Hex            #......      9%          1    None
 Fulminant Prism          Conj/Hex       ####......   22%         4    ####...
 Iskenderun's Mystic Bla  Conj/Tloc      ####....     22%         4    ####...
 Confusing Touch          Hex            #.......     26%         3    ##.....
 Gell's Gravitas          Tloc           #.........   26%         3    ##.....
 Petrify                  Tmut/Erth      #.......     65%         4    ####...
 Metabolic Englaciation   Hex/Ice        #.........   94%         5    #####..
 Yara's Violent Unravell  Hex/Tmut       #.........   94%         5    #####..


Dungeon Overview and Level Annotations

Branches:
Dungeon (5/15)
 Temple: D:4-7

Shops:
D:3 *


Innate Abilities, Weirdness & Mutations

You have an increased reservoir of magic. (+10% MP)
You are agile. (Dex +2)
Your mind is acute. (Int +2)


Message History

Aiming: Magic Dart (safe; 1% risk of failure)
Press: ? - help, Shift-Dir - straight line, f/p - centaur
Aim: a centaur, wielding a +0 shortbow and quivering 25 arrows (heavily wounded)
You feel a surge of power!
The magic dart hits the centaur!
The centaur is severely wounded.
The centaur shoots an arrow.
The arrow hits you!
* * * LOW HITPOINT WARNING * * *
The centaur shoots an arrow.
The arrow hits you.
* * * LOW HITPOINT WARNING * * *
What are your orders? t - Shout!
Orders for allies: a - Attack new target. p - Attack previous target. r - Retreat! s - Stop attacking. g - Guard the area. f - Follow me.
Anything else - Cancel.
Okay, then.
It was a potion of ambrosia.
You are confused.
You feel invigorated.
The centaur shoots an arrow.
The arrow hits you!
You die...

...........§§§§...#
.###.§.§.§...§....
#.#§§§§§§§§§###
...##§§§§§§§## #...
##..§§§# #.
###...## # #.#...#
#.##.##...###
.....).@###
........# .#.>...##
#..l.. #.....
##.... ....c ##.###


You could see a centaur and a leopard gecko.

Vanquished Creatures
  Pikel (D:3)
  Purgy (D:2)
  A scorpion (D:5)
  A crimson imp (D:4)
  2 centaur skeletons
  An orc wizard (D:3)
  A worker ant zombie (D:3)
  6 adders
  2 oozes
  8 worms
  2 dart slugs (D:1)
  6 leopard geckos
  4 orcs
  5 bats
  5 giant cockroaches
  6 goblins
  7 hobgoblins
  6 jackals
  2 quokkas
  4 ball pythons
  2 frilled lizards (D:3)
  6 kobolds
  A leopard gecko skeleton (D:4)
  9 rats
89 creatures vanquished.

Notes
Turn   | Place    | Note
-------+----------+-------------------------------------------
     0 | D:1      | GenChuck the Demigod Conjurer began the quest for the Orb.
     0 | D:1      | Reached XP level 1. HP: 14/14 MP: 5/5
   109 | D:1      | Gained mutation: You are agile. (Dex +2) [potion of
                  | mutation]
   109 | D:1      | Gained mutation: Your mind is acute. (Int +2) [potion of
                  | mutation]
   191 | D:1      | Reached skill level 4 in Conjurations
   321 | D:1      | Reached XP level 2. HP: 20/20 MP: 0/7
  1032 | D:2      | Reached XP level 3. HP: 24/26 MP: 3/8
  1036 | D:2      | Learned a level 2 spell: Searing Ray
  1596 | D:2      | Reached XP level 4. HP: 33/33 MP: 3/10
  2014 | D:3      | Reached skill level 5 in Conjurations
  2460 | D:3      | Found an opulent altar of Gozag.
  2475 | D:3      | Found Gozag's Platinum Reserve.
  2654 | D:3      | Reached XP level 5. HP: 38/38 MP: 5/12
  2714 | D:3      | Found a faded altar of an unknown god.
  3207 | D:4      | Learned a level 1 spell: Summon Small Mammal
  3545 | D:4      | Noticed a slave
  3546 | D:4      | Noticed a slave
  3547 | D:4      | Noticed Pikel
  3548 | D:4      | Noticed a slave
  3548 | D:4      | Noticed a slave
  3548 | D:4      | Noticed Purgy
  3592 | D:4      | HP: 1/38 [Pikel/+1 whip of flaming (1)]
  3597 | D:3      | Killed Pikel
  3597 | D:3      | Reached skill level 6 in Conjurations
  3597 | D:3      | Reached XP level 6. HP: 2/45 MP: 8/15
  3597 | D:3      | Reached XP level 7. HP: 3/50 MP: 8/16
  3921 | D:2      | Killed Purgy
  4353 | D:5      | Entered Level 5 of the Dungeon
  4402 | D:5      | Found a shadowy altar of Dithmenos.
  4454 | D:5      | HP: 2/51 [centaur/arrow (6)]
  4455 | D:5      | Shot with an arrow by a centaur

Illustrated notes

Levels and vault maps discovered:
D:1:      giann_forest_graveyard, layout_basic, minmay_misc_feat_four_crosses
D:2:      layout_rooms
D:3:      layout_basic, chequers_ecumenical_altar_island,
          nicolae_gozag_zags_fifth_avenue
D:4:      layout_cave_pools, uniq_purgy, uniq_pikel
D:5:      layout_loops_cross, tso_metal_star, lemuel_crystal_altar,
          first_ration, nicolae_dithmenos_the_darkroom, uniq_ijyb

Skill      XL: |  1  2  3  4  5 |
---------------+----------------+-----
Conjurations   | 4 5 6 |  6.8
Spellcasting   | 2 4 |  4.4
Dodging        | 2 |  2.5
Summonings     | 2 |  2.4
Fighting       | |  0.5
Short Blades   | |  0.6
Stealth        | |  1.7

Action                   |  1- 3 |  4- 6 |  7- 9 || total
-------------------------+-------+-------+-------++-------
Melee: Dagger            |    11 |       |       ||    11
 Cast: Magic Dart        |    89 |    86 |    19 ||   194
       Searing Ray       |     2 |    12 |     3 ||    17
       Summon Small Mamm |       |    13 |     1 ||    14
  Use: Potion            |     1 |       |     1 ||     2
       Scroll            |     3 |     9 |     3 ||    15
  Eat: Chunk             |     3 |     2 |       ||     5
       Ration            |       |     2 |       ||     2
Armor: Robe              |     4 |     2 |     4 ||    10
Dodge: Dodged            |    15 |    15 |    12 ||    42
